 Dungeon Crawl Stone Soup version 0.30-a0-802-gb92711bcdf (webtiles) character file.

Game seed: 7360008068948876336

34548 domi the Destroyer (level 13, -3/99 HPs)
             Began as a Demonspawn Conjurer on Feb 23, 2023.
             Was an Initiate of Gozag.
             Slain by a skyshark (4 damage)
             ... on level 4 of the Lair of Beasts.
             The game lasted 01:00:33 (21296 turns).

domi the Destroyer (Demonspawn Conjurer)           Turns: 21296, Time: 01:00:33

Health: -3/99      AC: 15    Str:  7    XL:     13   Next: 42%
Magic:  4/20       EV: 12    Int: 39    God:    Gozag
Gold:   1829       SH:  5    Dex: 14    Spells: 3/22 levels left

rFire   + . .      SeeInvis .    n - +0 dagger of Causality {flame, Will+ Int+3 Dex+3}
rCold   . . .      Faith    .    (no shield)
rNeg    . . .      Spirit   .    R - +2 acid dragon scales
rPois   .          Reflect  +    E - +0 helmet
rElec   .          Harm     .    v - +0 cloak
rCorr   +          Rampage  .    (no gloves)
Will    ++...                    H - +1 pair of boots
Stlth   ++                       y - amulet of reflection
HPRegen 0.36/turn                s - ring "Sesmohudgh" {rF+ Will+ Int+4}
MPRegen 0.34/turn                c - +6 ring of intelligence

@: hasted, very quick
A: ignite blood 2, magic regeneration, sturdy frame 2, demonic touch 2
a: Renounce Religion, Potion Petition, Call Merchant, Bribe Branch


You were on level 4 of the Lair of Beasts.
You worshipped Gozag.
Gozag was most pleased with you.
You visited 3 branches of the dungeon, and saw 17 of its levels.
You also visited: Sewer.

You collected 3020 gold pieces.
You spent 1106 gold pieces at shops.
You paid 85 gold pieces to Gozag.

Inventory:

Hand Weapons
 b - a +4 dagger
   (You took it off a goblin on level 1 of the Dungeon)
 n - the +0 dagger of Causality (weapon) {flame, Will+ Int+3 Dex+3}
   (You found it on level 3 of the Dungeon)

   Int:       It affects your intelligence (+3).
   Dex:       It affects your dexterity (+3).
   Will:      It increases your willpower.
 I - the +2 mace "Beetleslayer" {heavy, rN+ Will+ Str-4}
   (You found it on level 6 of the Dungeon)

   Str:       It affects your strength (-4).
   rN:        It protects you from negative energy.
   Will:      It increases your willpower.
 O - the +9 falchion "Rostro" {flame, rN+ Dex+4}
   (You found it on level 2 of the Lair of Beasts)

   Dex:       It affects your dexterity (+4).
   rN:        It protects you from negative energy.
Missiles
 U - 4 javelins (quivered)
Armour
 v - a +0 cloak (worn)
   (You found it on level 2 of the Dungeon)
 E - a +0 helmet (worn)
   (You took it off Robin on level 4 of the Dungeon)
 H - a +1 pair of boots (worn)
   (You found it on level 4 of the Dungeon)
 L - a +1 robe of cold resistance
   (You took it off Fannar on level 2 of the Lair of Beasts)
 R - +2 acid dragon scales (worn)
   (You took it off Maggie on level 6 of the Dungeon)
Magical Staves
 D - a staff of conjuration {!a}
   (You took it off a hobgoblin on level 4 of the Dungeon)
 P - a staff of fire {rF+}
   (You found it on level 2 of the Lair of Beasts)
Jewellery
 c - a +6 ring of intelligence (right hand)
   (You took it off a wight on level 7 of the Dungeon)
 s - the ring "Sesmohudgh" (left hand) {rF+ Will+ Int+4}
   (You found it on level 3 of the Dungeon)

   [ring of protection from fire]

   Int:       It affects your intelligence (+4).
   rF:        It protects you from fire.
   Will:      It increases your willpower.
 x - an amulet of guardian spirit {Spirit}
   (You found it on level 2 of the Lair of Beasts)
 y - an amulet of reflection (around neck)
   (You found it on level 2 of the Dungeon)
 M - a ring of protection from cold {rC+}
   (You found it on level 2 of the Lair of Beasts)
 T - the amulet "Paunyk" {Spirit rElec rF+++ rCorr Dex-2}
   (You found it on level 10 of the Dungeon)

   [amulet of guardian spirit]

   It causes incoming damage to be divided between your reserves of health and
   magic.
   Dex:       It affects your dexterity (-2).
   rF:        It renders you almost immune to fire.
   rElec:     It insulates you from electricity.
   rCorr:     It protects you from acid and corrosion.
 Y - a +6 ring of strength
   (You found it on level 10 of the Dungeon)
Wands
 g - a wand of iceblast (4)
   (You found it on level 2 of the Lair of Beasts)
 k - a wand of flame (21)
   (You found it on level 1 of the Lair of Beasts)
 m - a wand of mindburst (5)
   (You found it on level 5 of the Dungeon)
 o - a wand of charming (30)
   (You took it off Ijyb on level 3 of the Dungeon)
 q - a wand of digging (11)
   (You found it on level 1 of the Lair of Beasts)
 K - a wand of polymorph (12)
   (You found it on level 1 of the Lair of Beasts)
 Q - a wand of light (2)
   (You found it on level 3 of the Lair of Beasts)
Scrolls
 a - 4 scrolls of enchant armour
 d - 2 scrolls of amnesia
 h - 6 scrolls of teleportation {@r4}
 j - a scroll of silence {!r!r}
 u - a scroll of fog
 w - 2 scrolls of vulnerability {!r!r}
 z - a scroll of magic mapping {!r}
 B - a scroll of brand weapon {unknown}
 N - 3 scrolls of identify {@r1}
 W - a scroll of torment {!r}
Potions
 f - 3 potions of might
 i - 4 potions of flight
 l - 3 potions of haste {@q3}
 p - 2 potions of magic
 r - 2 potions of resistance
 t - 2 potions of cancellation {unknown}
 A - 2 potions of mutation {!q!q}
 F - a potion of attraction {!q}
 G - 3 potions of brilliance
 S - a potion of curing {@q1}
 X - a potion of berserk rage {!q!q}
Miscellaneous
 e - a box of beasts (inert)
   (You found it on level 7 of the Dungeon)


   Skills:
 + Level 8.5 Fighting
 - Level 8.0 Armour
 + Level 2.1 Dodging
 - Level 1.7 Stealth
 - Level 5.0 Spellcasting
 * Level 11.6 Conjurations
 - Level 5.0 Hexes
 - Level 5.0 Translocations
 - Level 5.0 Fire Magic
 * Level 11.3 Air Magic


You had 3 spell levels left.
You knew the following spells:

 Your Spells              Type           Power      Damage    Failure   Level
c - Iskenderun's Mystic   Conj/Tloc      65%        2d13      1%          4
u - Kindle Blastsparks    Fire/Tloc/Air  100%       2d18      1%          3
v - Lightning Bolt        Conj/Air       39%        1d57      1%          5
x - Searing Ray           Conj           100%       2d8       1%          2
z - Shock                 Conj/Air       100%       1d9       1%          1
Z - Fulminant Prism       Conj/Hex       32%        3d16      1%          4

Your spell library contained the following spells:

 Spells                   Type           Power      Damage    Failure   Level
 Foxfire                  Conj/Fire      100%       2x1d9     1%          1
 Magic Dart               Conj           100%       1d8       1%          1
 Cigotuvi's Dreadful Rot  Necr/Pois/Air  78%        N/A       1%          2
 Poisonous Vapours        Pois/Air       100%       N/A       1%          2
 Dazzling Flash           Conj/Hex       100%       N/A       1%          3
 Hailstorm                Conj/Ice       53%        3d12      1%          3
 Inner Flame              Hex/Fire       48%        N/A       1%          3
 Mephitic Cloud           Conj/Pois/Air  62%        N/A       1%          3
 Portal Projectile        Hex/Tloc       96%        N/A       1%          3
 Tukima's Dance           Hex            48%        N/A       1%          3
 Beastly Appendage        Tmut           18%        N/A       3%          1
 Sting                    Tmut/Pois      36%        1d4       3%          1
 Wereblood                Tmut           9%         N/A       4%          2
 Ozocubu's Armour         Ice            9%         N/A       10%         3
 Spider Form              Tmut/Pois      9%         N/A       10%         3
 Sticky Flame             Conj/Fire      65%        2d8       1%          4
 Fireball                 Conj/Fire      32%        3d14      3%          5
 Cause Fear               Hex            24%        N/A       4%          4
 Anguish                  Hex/Necr       14%        N/A       11%         4
 Starburst                Conj/Fire      32%        6d10      16%         6
 Olgreb's Toxic Radiance  Pois           9%         N/A       30%         4
 Metabolic Englaciation   Hex/Ice        14%        N/A       30%         5
 Blade Hands              Tmut           4%         N/A       65%         5
 Storm Form               Tmut/Air       26%        N/A       95%         7
 Enfeeble                 Hex            24%        N/A       98%         7
 Discord                  Hex            24%        N/A       100%        8
 Chain Lightning          Conj/Air       39%        3d52      100%        9
 Simulacrum               Ice/Necr       Unusable   N/A       N/A         6

Dungeon Overview and Level Annotations

Branches:
Dungeon (12/15)            Temple (1/1) D:5            Lair (4/5) D:8
 Shoals (0/4) Lair:3        Snake (0/4) Lair:2          Orc (0/2) D:10
  Sewer (visited)
  Slime: Lair:4-5

Altars:
Ashenzari
Cheibriados
Dithmenos
Fedhas
Gozag
Hepliaklqana
Kikubaaqudgha
Makhleb
Nemelex Xobeh
Okawaru
Qazlal
Ru
Sif Muna
Trog
Uskayaw
Vehumet
Wu Jian
Xom
Yredelemnul

Shops:
D:1 :(?*(   D:5 =

Annotations:
D:8 3 runed translucent doors, asti's ghost, novice DsFi; scionoferis's ghost, novice DgHs
D:9 Harold
D:10 1 runed translucent door, Smoke131's ghost, journeyman DrFE


Innate Abilities, Weirdness & Mutations

Your demonic aura often causes spilled blood to erupt in flames.
You regenerate magic rapidly.
Your movements are less encumbered by armour. (ER -4)
Your touch may inflict irresistible damage on your foes.


Message History

Aim: a wolf (asleep, 100% to hit)
The zap hits the wolf!
The wolf howls!
You hear the slow rumble of an avalanche of rocks very nearby.
A wolf comes into view.
Aim: a wolf (moderately wounded, 57% to hit)
The zap hits the wolf.
A wolf comes into view.
Aim: a wolf (moderately wounded, 57% to hit)
The zap hits the wolf but does no damage.
The zap misses the wolf. x2
Aim: a wolf (moderately wounded, 57% to hit)
The zap hits the wolf. x2; The zap hits the wolf!
The wolf closely misses you.
Aim: a wolf (heavily wounded, 43% to hit)
The bolt of lightning hits the wolf!!
You kill the wolf!
The bolt of lightning hits the wolf!!
You kill the wolf!
The bolt of lightning hits the wolf!
You hear a loud, deep croak!
Aim: a wolf (almost dead, 43% to hit)
The bolt of lightning misses the wolf.
A bullfrog comes into view.
There are monsters nearby!
There are monsters nearby!
There are monsters nearby!
A cloud of volatile blastsparks flares up around you!
The bullfrog croaks.
The wolf bites you. The wolf bites you but does no damage.
Unknown command.
You hit the wolf but do no damage. Your touch misses the wolf.
The wolf bites you but does no damage. x2
The cloud of blastsparks explodes!
The concussive blast engulfs the wolf.
You kill the wolf!
The concussive blast engulfs you! You resist.
You are knocked back by the blast.
A skyshark comes into view.
Aim: a skyshark (79% to hit)
The bolt of light hits the skyshark!
The skyshark is blinded.
Aim: a skyshark (lightly wounded, blind, chance to affect: 47%)
The skyshark's mind is blasted!!
Aim: a skyshark (moderately wounded, blind, chance to affect: 47%)
The skyshark resists with some effort.
A cane toad comes into view.
The bullfrog hits you but does no damage.
You erupt in a blast of force!
The mystic blast hits the plant.
The plant begins to die.
The mystic blast hits the skyshark!
The skyshark is knocked back by the mystic blast.
The mystic blast hits the bullfrog!!
You kill the bullfrog!
The skyshark is distracted by your dazzling golden aura.
A nearby plant withers and dies.
The skyshark is no longer blind.
The skyshark is no longer distracted by gold.
You completely miss the skyshark. The skyshark bites you.
The skyshark tastes blood and grows stronger!
The skyshark tail-slaps you but does no damage. x2
You erupt in a blast of force!
The mystic blast hits the cane toad!
The cane toad is knocked back by the mystic blast.
The mystic blast hits the skyshark!
The skyshark is knocked back by the mystic blast.
You hit the skyshark. You burn the skyshark. The skyshark bites you!
The skyshark enters a blood-rage!
The skyshark tail-slaps you!
The skyshark tail-slaps you but does no damage.
Unknown command.
The skyshark is engulfed in blazing flames.
The skyshark barely misses you. The skyshark tail-slaps you.
The skyshark tail-slaps you!
You don't have enough magic to cast this spell.
You completely miss the skyshark.
The skyshark is engulfed in blazing flames.
The skyshark completely misses you.
The skyshark tail-slaps you but does no damage.
The skyshark tail-slaps you.
You closely miss the skyshark. Your touch misses the skyshark.
The skyshark is engulfed in blazing flames.
The skyshark bites you!!
The skyshark tail-slaps you but does no damage.
The skyshark closely misses you.
The cane toad stings you but does no damage.
The skyshark is engulfed in blazing flames.
The skyshark bites you!!
* * * LOW HITPOINT WARNING * * *
The skyshark closely misses you. x2
Unknown command.
Okay, then.
Blink to where?
As you read the scroll of blinking, it crumbles to dust.
The skyshark is engulfed in blazing flames. x2
Aim: a skyshark (almost dead, berserk, chance to affect: 47%)
The skyshark resists with some effort.
The cane toad is engulfed in blazing flames.
Aim: a skyshark (almost dead, berserk, chance to affect: 47%)
Okay, then.
You feel yourself speed up.
The cane toad is engulfed in blazing flames.
The skyshark misses you. The skyshark tail-slaps you!
* * * LOW HITPOINT WARNING * * *
The skyshark tail-slaps you.
You die...
Your body crumbles into a pile of gold.

.............##
..........○.○.#
$..............##
..........F....###.
.#...#.............
########..........
###.........
#.l.........
##@.........
##P..........
#......##....
##....## ....
##...P# .>. #....##
.. ##.<..# ##>...##
#....##


You could see a skyshark (berserk) and a cane toad.

Vanquished Creatures
  Fannar (Lair:2)
  A catoblepas (Lair:3)
  3 death yaks (Lair:1)
  3 two-headed ogres
  A skyshark (Lair:3)
  A lindwurm (Lair:3)
  2 manticores (D:11)
  A black mamba (Lair:1)
  7 cane toads
  Maggie (D:6)
  4 komodo dragons
  An unseen horror (D:10)
  A rime drake (Lair:2)
  3 polar bears
  Grinder (D:4)
  7 blink frogs
  A snapping turtle (Lair:3)
  Sigmund (D:5)
  A shadow (D:10)
  A wraith (D:11)
  2 wyverns (Lair:3)
  2 vampires
  24 yaks
  4 nagas (Lair:2)
  An acid dragon (D:10)
  10 water moccasins
  5 orc warriors
  A sky beast (D:7)
  2 black bears
  5 ice beasts
  8 wolves
  11 centaurs
  7 kobold brigands
  6 bullfrogs
  A gnoll sergeant (D:10)
  2 necrophages
  10 wights
  10 killer bees
  4 electric eels (D:8)
  3 howler monkeys
  3 hounds
  3 jellies
  Crazy Yiuf (D:2)
  6 orc priests
  3 iguanas
  17 orc wizards
  Ijyb (D:3)
  Natasha (thrice) (D:2)
  Robin (D:4)
  13 adders
  11 gnolls
  2 shadow imps (D:6)
  A white imp (D:7)
  5 worms
  34 orcs
  13 ball pythons
  7 bats
  17 endoplasms
  6 giant cockroaches
  8 goblins
  14 hobgoblins
  4 jackals (D:1)
  A quokka (D:3)
  24 kobolds
  9 rats
  2 fulminant prisms
369 creatures vanquished.

Vanquished Creatures (collateral kills)
  A skyshark (Lair:3)
  2 yaks
  A bullfrog (Lair:1)
4 creatures vanquished.

Vanquished Creatures (others)
  An orc (D:4)
  56 fulminant prisms
  34 fungi
  29 plants
  16 withered plants
136 creatures vanquished.

Grand Total: 509 creatures vanquished

Notes
Turn   | Place    | Note
-------+----------+-------------------------------------------
     0 | D:1      | domi the Demonspawn Conjurer began the quest for the Orb.
     0 | D:1      | Reached XP level 1. HP: 13/13 MP: 3/3
   203 | D:1      | Found Kotry's Magic Scroll Boutique.
   223 | D:1      | Gained mutation: Your demonic aura sometimes causes spilled
                  | blood to erupt in flames. [demonic ancestry]
   223 | D:1      | Reached XP level 2. HP: 19/19 MP: 1/5
   267 | D:1      | Bought a scroll of identify for 20 gold pieces
   267 | D:1      | Bought a scroll of teleportation for 30 gold pieces
   294 | D:1      | Found Cyilam's Weapon Shop.
   401 | D:1      | Found Esesh's Weapon Emporium.
   402 | D:1      | Found Peonlaiss's Assorted Antiques.
   619 | D:1      | Found Vopaj's Book Emporium.
   648 | D:1      | Reached skill level 5 in Conjurations
   649 | D:1      | Gained mutation: You regenerate magic rapidly. [demonic
                  | ancestry]
   649 | D:1      | Reached XP level 3. HP: 23/24 MP: 3/6
   703 | D:1      | Learned a level 2 spell: Searing Ray
   945 | D:2      | You fall into a shaft and drop 1 floor!
   995 | D:3      | Identified the +0 dagger of Causality {flame, Will+ Int+3
                  | Dex+3}
  1005 | D:3      | Noticed Ijyb
  1023 | D:3      | Killed Ijyb
  1092 | D:3      | Found a faded altar of an unknown god.
  1126 | D:3      | Gained mutation: Your touch may inflict minor irresistible
                  | damage on your foes. [demonic ancestry]
  1126 | D:3      | Reached XP level 4. HP: 30/30 MP: 5/7
  1357 | D:3      | Learned a level 4 spell: Iskenderun's Mystic Blast
  1410 | D:3      | Found an ornate altar of the Wu Jian Council.
  1430 | D:3      | Reached skill level 6 in Conjurations
  1568 | D:3      | Identified the ring "Sesmohudgh" {rF+ Will+ Int+4}
  1882 | D:2      | Reached skill level 1 in Translocations
  1906 | D:2      | Noticed Natasha
  1912 | D:2      | Killed Natasha
  1913 | D:2      | Reached XP level 5. HP: 30/35 MP: 2/8
  2152 | D:2      | Noticed Natasha
  2157 | D:2      | Killed Natasha
  2274 | D:2      | Found a runed translucent door.
  2275 | D:2      | Noticed Crazy Yiuf
  2280 | D:2      | Killed Crazy Yiuf
  2281 | D:2      | Reached skill level 2 in Translocations
  2457 | D:4      | Reached XP level 6. HP: 26/41 MP: 2/9
  2597 | D:4      | Noticed Robin
  2599 | D:4      | Killed Robin
  2610 | D:4      | Noticed Grinder
  2624 | D:4      | Killed Grinder
  2625 | D:4      | Reached skill level 7 in Conjurations
  2625 | D:4      | Reached skill level 3 in Translocations
  2625 | D:4      | Reached XP level 7. HP: 46/46 MP: 1/10
  2874 | D:4      | Found a burning altar of Makhleb.
  2881 | D:4      | Reached skill level 4 in Translocations
  3203 | D:4      | Found a blossoming altar of Fedhas.
  3276 | D:5      | Entered Level 5 of the Dungeon
  3351 | D:5      | Noticed Sigmund
  3367 | D:5      | Killed Sigmund
  3368 | D:5      | Reached skill level 8 in Conjurations
  3389 | D:5      | Reached skill level 5 in Translocations
  3389 | D:5      | Gained mutation: Your movements are slightly less
                  | encumbered by armour. (ER -2) [demonic ancestry]
  3389 | D:5      | Reached XP level 8. HP: 34/52 MP: 4/11
  3494 | D:5      | Found a glowing drain.
  3521 | Sewer    | Entered a sewer
  3753 | Sewer    | Reached skill level 9 in Conjurations
  4332 | Sewer    | Learned a level 4 spell: Fulminant Prism
  4526 | D:5      | Found a staircase to the Ecumenical Temple.
  4555 | Temple   | Entered the Ecumenical Temple
  4754 | Temple   | Became a worshipper of Gozag Ym Sagoz the Greedy
  4825 | D:5      | Found Rokhich's Jewellery Emporium.
  4855 | D:5      | Reached skill level 1 in Hexes
  5199 | D:6      | Noticed Maggie
  5202 | D:6      | Reached skill level 10 in Conjurations
  5213 | D:6      | HP: 7/52 [Maggie/+0 halberd of pain (13)]
  5221 | D:6      | HP: 5/52 [Maggie/bolt of fire (4)]
  5413 | D:6      | Reached skill level 2 in Hexes
  5453 | D:6      | Identified the +2 mace "Beetleslayer" {heavy, rN+ Will+
                  | Str-4}
  5490 | D:6      | Reached skill level 3 in Hexes
  5878 | D:7      | Reached skill level 4 in Hexes
  5893 | D:7      | Gained mutation: Your movements are less encumbered by
                  | armour. (ER -4) [demonic ancestry]
  5893 | D:7      | Reached XP level 9. HP: 28/57 MP: 1/12
  6076 | D:7      | Reached skill level 5 in Hexes
  6231 | D:7      | Reached skill level 3 in Spellcasting
  6323 | D:7      | Reached skill level 4 in Spellcasting
  6716 | D:7      | Found a bloodstained altar of Trog.
  6823 | D:7      | Reached skill level 5 in Spellcasting
  6823 | D:7      | Reached skill level 1 in Armour
  7614 | D:2      | Noticed Natasha
  7615 | D:2      | Killed Natasha
  7845 | D:7      | Reached skill level 1 in Fighting
  7845 | D:7      | Reached skill level 2 in Armour
  8000 | D:8      | Reached skill level 2 in Fighting
  8126 | D:8      | Reached skill level 3 in Armour
  8127 | D:8      | Reached skill level 3 in Fighting
  8221 | D:8      | Found a staircase to the Lair.
  8708 | D:8      | Reached skill level 4 in Armour
  8714 | D:8      | Noticed a two-headed ogre
  8719 | D:8      | Killed a two-headed ogre
  8720 | D:8      | Reached skill level 4 in Fighting
  8720 | D:8      | Gained mutation: Your demonic aura often causes spilled
                  | blood to erupt in flames. [demonic ancestry]
  8720 | D:8      | Reached XP level 10. HP: 73/73 MP: 1/17
  8735 | D:8      | Found a shimmering blue altar of Sif Muna.
  8813 | D:8      | Found a runed translucent gate.
  8813 | D:8      | Found a runed translucent gate.
  8813 | D:8      | Found a runed translucent gate.
  8817 | D:8      | Noticed asti's ghost (novice DsFi)
  8817 | D:8      | Noticed scionoferis's ghost (novice DgHs)
  9352 | D:1      | Bought the Notes on the Storm for 576 gold pieces
  9354 | D:1      | Learned a level 1 spell: Shock
  9358 | D:1      | Learned a level 3 spell: Kindle Blastsparks
  9617 | D:9      | Reached skill level 1 in Air Magic
  9686 | D:9      | Reached skill level 1 in Fire Magic
 10046 | D:9      | Reached skill level 5 in Fighting
 10046 | D:9      | Reached skill level 5 in Armour
 10143 | D:9      | Reached skill level 2 in Air Magic
 10224 | D:9      | Found a broken altar of Ashenzari.
 10344 | D:9      | Noticed a +0 dagger
 10344 | D:9      | Noticed a +0 falchion
 10344 | D:9      | Noticed a +0 dagger
 10345 | D:9      | Noticed a +0 spear
 10345 | D:9      | Noticed a +0 falchion
 10347 | D:9      | Noticed a +0 short sword
 10347 | D:9      | Noticed a +0 spear
 10349 | D:9      | Noticed a +0 short sword
 10368 | D:9      | Found a hide-covered altar of Uskayaw.
 10386 | D:9      | Noticed Harold
 10589 | Lair:1   | Entered Level 1 of the Lair of Beasts
 10797 | Lair:1   | Reached skill level 2 in Fire Magic
 10797 | Lair:1   | Reached skill level 3 in Air Magic
 10818 | Lair:1   | Noticed a cane toad
 10872 | Lair:1   | Reached skill level 4 in Air Magic
 11027 | Lair:1   | Noticed a death yak
 11031 | Lair:1   | Noticed a death yak
 11050 | Lair:1   | Killed a death yak
 11051 | Lair:1   | Reached skill level 3 in Fire Magic
 11055 | Lair:1   | Noticed a death yak
 11104 | Lair:1   | Reached skill level 6 in Fighting
 11213 | Lair:1   | Killed a death yak
 11214 | Lair:1   | Reached XP level 11. HP: 81/81 MP: 1/18
 11254 | Lair:1   | Reached skill level 6 in Armour
 11254 | Lair:1   | Reached skill level 5 in Air Magic
 11451 | Lair:1   | Killed a death yak
 12306 | Lair:1   | Reached skill level 9 in Air Magic
 12306 | Lair:1   | Gained mutation: Your touch may inflict irresistible damage
                  | on your foes. [demonic ancestry]
 12306 | Lair:1   | Reached XP level 12. HP: 89/89 MP: 19/19
 12600 | D:1      | Bought the Compendium of the Shot for 480 gold pieces
 12606 | D:1      | Learned a level 5 spell: Lightning Bolt
 13142 | Lair:2   | Reached skill level 4 in Fire Magic
 13142 | Lair:2   | Reached skill level 10 in Air Magic
 13525 | Lair:2   | Reached skill level 7 in Fighting
 13596 | Lair:2   | Identified the +9 falchion "Rostro" {flame, rN+ Dex+4}
 13680 | Lair:2   | Reached skill level 7 in Armour
 13695 | Lair:2   | Reached skill level 5 in Fire Magic
 13831 | Lair:2   | Found a staircase to the Snake Pit.
 14232 | Lair:2   | Noticed Fannar
 14583 | Lair:2   | Killed Fannar
 15144 | Lair:3   | Noticed a catoblepas
 15428 | Lair:3   | Killed a catoblepas
 15429 | Lair:3   | Reached skill level 8 in Fighting
 15429 | Lair:3   | Reached XP level 13. HP: 73/98 MP: 1/20
 16134 | D:6      | Killed Maggie
 17022 | D:10     | Entered Level 10 of the Dungeon
 17092 | D:10     | Found a sacrificial altar of Ru.
 17106 | D:10     | Reached skill level 11 in Conjurations
 17639 | D:10     | Identified the amulet "Paunyk" {Spirit rElec rF+++ rCorr
                  | Dex-2}
 17658 | D:10     | Found a runed translucent door.
 17660 | D:10     | Identified the +2 trident of Satyriasis {flame, rElec rPois
                  | rCorr Int-4}
 17660 | D:10     | Noticed Smoke131's ghost (journeyman DrFE)
 18049 | D:10     | Found a stormy altar of Qazlal.
 18086 | D:10     | Reached skill level 11 in Air Magic
 18392 | D:10     | Found a hazy altar of Hepliaklqana.
 18642 | D:10     | Found a staircase to the Orcish Mines.
 19454 | D:11     | Reached skill level 8 in Armour
 21011 | Lair:3   | Found a staircase to the Shoals.
 21123 | Lair:4   | Reached skill level 2 in Dodging
 21292 | Lair:4   | HP: 8/99 [skyshark (23)]
 21296 | Lair:4   | HP: 1/99 [skyshark (9)]
 21296 | Lair:4   | Slain by a skyshark

Illustrated notes

Levels and vault maps discovered:
D:1:      dpeg_arrival_arbitrary_b, layout_basic, serial_shops,
          nicolae_square_shop, shop, shop, shop, shop
D:2:      layout_rooms, basic_altar, uniq_crazy_yiuf_cottage, uniq_natasha
D:3:      layout_rooms, nzn_wu_jian_council_hall,
          hellmonk_ecumenical_altar_leap_of_faith, uniq_ijyb
D:4:      layout_cave_pools, makhleb_heckhound_becter, fedhas_altar_3,
          nicolae_goblin_pals, uniq_grinder
D:5:      layout_loops_ring, minmay_temple_entry_junction, serial_shops,
          kennysheep_mini, gup_sewer_entry_glass, uniq_sigmund
D:6:      layout_basic, grunt_temple_overflow_open, uniq_maggie
D:7:      layout_layer_cave, bloody_trog, minmay_bent
D:8:      layout_basic, lemuel_tele_altar, lair_entry_dummy, serial_bayou,
          serial_bayou_lagoon_a, serial_bayou_crossing, serial_bayou_pond_d,
          serial_bayou_pond_d, serial_bayou_ford_a, serial_bayou_pond_e,
          gammafunk_ghost_cemetery, supply_closet_lemuel, st_stairs_12,
          chequers_serial_rivers_small_3
D:9:      layout_roguey, nicolae_uskayaw_en_pointe, amcnicky_altar_gilded,
          uniq_harold
D:10:     layout_long_grid, grunt_qazlal_clouds,
          worldfamousw_hep_ancestral_shrine, nicolae_ru_sacrificial_ziggurat,
          david_orc_4, ebering_ghost_funeral_grove
D:11:     layout_basic
D:12:     nzn_winding_woodlands_large [nzn_winding_woodlands_5x5_open_star,
          nzn_winding_woodlands_5x15_garden,
          nzn_winding_woodlands_5x5_checkerboard,
          nzn_winding_woodlands_center_pierced_h,
          nzn_winding_woodlands_15x15_boxy_spiral,
          nzn_winding_woodlands_center_lodge, nzn_winding_woodlands_5x5_cross,
          nzn_winding_woodlands_5x15_river_crossing,
          nzn_winding_woodlands_5x5_perimeter], layout_irregular_city,
          gammafunk_ghost_arena, kennysheep_generic_room_11, uniq_nessos,
          uniq_frances
Temple:   jpeg_temple_alley_garden
Lair:1:   layout_cave_pods, infiniplex_staircase_pool_2, grunt_megastairs_5
Lair:2:   layout_cave_pods, guppyfry_snake_entry_island,
          pdpol_lair_neglected_garden, lemuel_fruit_tree, uniq_fannar
Lair:3:   layout_chaotic_city, minmay_shoals_entry_hut
Lair:4:   layout_hall_layers, nicolae_slime_entry_slimehenge,
          nicolae_volcano_entry_hallway, cheibrodos_lair_reptile_den

Skill      XL: |  1  2  3  4  5  6  7  8  9 10 11 12 13 |
---------------+----------------------------------------+-----
Conjurations   | 5 6 7 8 10 11 | 11.6
Translocations | 1 2 3 5 |  5.0
Hexes          | 4 5 |  5.0
Spellcasting   | 5 |  5.0
Armour         | 4 5 6 7 8 |  8.0
Fighting       | 4 6 8 |  8.5
Air Magic      | 4 9 10 11 | 11.3
Fire Magic     | 3 5 |  5.0
Dodging        | 2 |  2.1
Stealth        | |  1.7

Action                     |  1- 3 |  4- 6 |  7- 9 | 10-12 | 13-15 || total
---------------------------+-------+-------+-------+-------+-------++-------
  Melee: Dagger            |    19 |    45 |    19 |    31 |    45 ||   159
         Unarmed           |     2 |       |       |       |       ||     2
         Touch             |       |     8 |     1 |    11 |     6 ||    26
         Punch             |       |     1 |       |       |       ||     1
   Cast: Magic Dart        |    61 |    88 |   145 |     7 |       ||   301
         Searing Ray       |     2 |     7 |    44 |     5 |       ||    58
         Iskenderun's Myst |       |       |     5 |    15 |     8 ||    28
         Fulminant Prism   |       |       |    12 |    39 |     8 ||    59
         Kindle Blastspark |       |       |       |    15 |    10 ||    25
         Shock             |       |       |       |    50 |    62 ||   112
         Lightning Bolt    |       |       |       |    37 |    81 ||   118
  Evoke: Wand              |       |     1 |     2 |    28 |     8 ||    39
         Box of beasts     |       |       |       |     2 |       ||     2
    Use: Potion            |     1 |       |     3 |     7 |     1 ||    12
         Scroll            |       |       |    12 |    14 |     5 ||    31
 Armour: Robe              |     6 |    13 |    16 |    18 |       ||    53
         Acid dragon scale |       |       |       |       |    37 ||    37
  Dodge: Dodged            |    16 |    39 |    50 |    42 |    47 ||   194
  Block: Other             |       |     1 |    25 |    21 |    12 ||    59
         Reflection        |       |     1 |     6 |     2 |     2 ||    11

Table legend: (Time is in decaauts)
 A = Elapsed time spent in this place.
 B = Non-inter-level travel time spent in this place.
 C = Inter-level travel time spent in this place.
 D = Time resting spent in this place.
 E = Time spent auto-exploring this place.
 F = Levels seen in this place.
 G = Mean time per level.
                   A        B        C        D        E       F      G
               +--------+--------+--------+--------+--------+-----+--------+
         Total |  21577 |  19031 |   2546 |   3871 |  12392 |  18 | 1198.7 |
       Dungeon |  14615 |  12356 |   2259 |   2030 |   8411 |  12 | 1217.9 |
        Temple |    228 |    199 |     29 |     31 |    157 |   1 |  228.0 |
          Lair |   5742 |   5485 |    257 |   1792 |   2984 |   4 | 1435.5 |
         Sewer |    991 |    991 |      0 |     18 |    839 |   1 |  991.0 |
               +--------+--------+--------+--------+--------+-----+--------+

Top non-repeatable levels by time:
  Lair:1: 2446 daAuts
     D:8: 2005 daAuts
  Lair:2: 1891 daAuts
     D:7: 1745 daAuts
    D:10: 1738 daAuts
     D:6: 1554 daAuts
    D:11: 1366 daAuts
  Lair:3: 1253 daAuts
     D:4: 1116 daAuts
     D:9: 1087 daAuts
     D:5: 1044 daAuts
     D:1: 1027 daAuts
   Sewer: 991 daAuts
     D:2: 983 daAuts
     D:3: 942 daAuts

Table legend:
 A = Kills in this place as a percentage of kills in entire the game.
 B = Kills by you in this place as a percentage of kills by you in the entire game.
 C = Kills by friends in this place as a percentage of kills by friends in the entire game.
 D = Other kills in this place as a percentage of other kills in the entire game.
 E = Experience gained in this place as a percentage of experience gained in the entire game.
 F = Experience gained in this place divided by the number of levels of this place that you have seen.
                   A       B       C       D       E      F
               +-------+-------+-------+-------+-------+----------------------
         Total | 100.0 | 100.0 | 100.0 | 100.0 | 100.0 | 2071.8
       Dungeon |  72.6 |  73.0 |  25.0 | 100.0 |  42.7 | 1328.5
          Lair |  19.9 |  19.3 |  75.0 |   0.0 |  56.2 | 5243.2
         Sewer |   7.5 |   7.6 |   0.0 |   0.0 |   1.0 | 377.0
               +-------+-------+-------+-------+-------+----------------------
